 Seeded DCSS version 0.29-a0-993-g4a18f31a58 (webtiles) character file.

Game seed: 4444406286722437307 (custom seed)

89 flotson the Sneak (level 4, 0/36 HPs)
             Began as a Demonspawn Delver on Aug 2, 2022.
             Slain by an ufetubus (3 damage)
             ... on level 5 of the Dungeon.
             The game lasted 00:01:40 (637 turns).

flotson the Sneak (Demonspawn Delver)                Turns: 637, Time: 00:01:41

Health: 0/36       AC:  4    Str: 14    XL:     4   Next: 31%
Magic:  0/4        EV: 12    Int: 12    God:
Gold:   0          SH:  0    Dex: 14    Spells: 3/3 levels left

rFire   . . .      SeeInvis .   a - +0 spear
rCold   . . .      Faith    .   (no shield)
rNeg    . . .      Spirit   +   f - +1 leather armour {Will+}
rPois   .          Reflect  .   (no helmet)
rElec   .          Harm     .   (no cloak)
rCorr   .          Rampage  .   (no gloves)
Will    +....                   (no boots)
Stlth   ++........              h - amulet of guardian spirit
HPRegen 0.12/turn               (no ring)
MPRegen 0.09/turn               (no ring)

@: no status effects
A: claws 1
a: no special abilities


You were on level 5 of the Dungeon.
You visited 1 branch of the dungeon, and saw 1 of its levels.

Inventory:

Hand Weapons
 a - a +0 spear (weapon)
Armour
 f - a +1 leather armour of willpower (worn)
Jewellery
 h - an amulet of guardian spirit (around neck)
Wands
 g - a wand of digging (3)
Scrolls
 c - a scroll of fog
 d - 2 scrolls of magic mapping
 e - a scroll of fear


   Skills:
 + Level 3.6 Fighting
 - Level 1.7 Polearms
 + Level 1.5 Armour
 + Level 2.5 Dodging
 - Level 4.5 Stealth
 + Level 1.8 Evocations


You had 3 spell levels left.
You didn't know any spells.
Your spell library was empty.

Dungeon Overview and Level Annotations

Branches:
Dungeon (5/15)
 Temple: D:4-7

Altars:

Shops:
D:5 =


Innate Abilities, Weirdness & Mutations

You have sharp fingernails.


Message History

The ufetubus is heavily wounded.
The ufetubus misses you. The ufetubus hits you.
You are too injured to fight recklessly!
You are too injured to fight recklessly!
You are too injured to fight recklessly!
You are too injured to fight recklessly!
You are too injured to fight recklessly!
You are too injured to fight recklessly!
You are too injured to fight recklessly!
You are too injured to fight recklessly!
You are too injured to fight recklessly!
You are too injured to fight recklessly!
You are too injured to fight recklessly!
You are too injured to fight recklessly!
You closely miss the ufetubus.
The ufetubus is heavily wounded.
The ufetubus hits you.
The ufetubus hits you but does no damage.
The ufetubus hits you. x2
* * * LOW HITPOINT WARNING * * *
You barely miss the ufetubus.
The ufetubus is heavily wounded.
The ufetubus barely misses you. x2
You barely miss the ufetubus.
The ufetubus is heavily wounded.
The ufetubus hits you.
* * * LOW HITPOINT WARNING * * *
The ufetubus barely misses you. The ufetubus closely misses you.
The ufetubus hits you but does no damage.
You closely miss the ufetubus.
The ufetubus is heavily wounded.
The ufetubus closely misses you. The ufetubus hits you.
* * * LOW HITPOINT WARNING * * *
You closely miss the ufetubus.
The ufetubus is heavily wounded.
The ufetubus hits you but does no damage.
The ufetubus hits you.
* * * LOW HITPOINT WARNING * * *
The ufetubus hits you.
You die...

#......#.##..## #!
#.....#.#.#..#.#. .
######.....##.#....#. ..
..........#.##......##.#.
#######..#.#..........#.#
#..##............##
#.#................
#..........5.......
########...#####@..######
#.........## ##.....##
.........## ##.......#
.♣.♣.♣†..####.........#
..⌠.........'.........+
.♣.♣.♣...####.........#
⌠.∩.⌠....# ##.......##
.♣.♣.♣...# ##.....##
..⌠....### ##...##


You could see an ufetubus.

Vanquished Creatures
  A howler monkey (D:5)
  An orc priest (D:5)
  2 adders (D:5)
  2 orcs (D:5)
6 creatures vanquished.

Notes
Turn   | Place    | Note
-------+----------+-------------------------------------------
     0 | D:5      | flotson the Demonspawn Delver began the quest for the Orb.
     0 | D:5      | Reached XP level 1. HP: 18/18 MP: 1/1
    53 | D:5      | Noticed an orc priest
    66 | D:5      | Killed an orc priest
    67 | D:5      | Reached skill level 1 in Armour
    67 | D:5      | Reached skill level 1 in Evocations
    67 | D:5      | Gained mutation: You have sharp fingernails. [demonic
                  | ancestry]
    67 | D:5      | Reached XP level 2. HP: 11/24 MP: 2/2
    67 | D:5      | Reached XP level 3. HP: 14/29 MP: 3/3
   381 | D:5      | Noticed a centaur
   560 | D:5      | Found Pimeaschu's Jewellery Emporium.
   597 | D:5      | Reached XP level 4. HP: 31/36 MP: 2/4
   637 | D:5      | Slain by an ufetubus

Illustrated notes

Levels and vault maps discovered:
D:5:      layout_loops_corners, gammafunk_temple_overflow_statue, serial_shops,
          nicolae_shop_stone, nicolae_stop_n_shop_1, nrook_mini_backslash,
          kennysheep_donut, minmay_misc_feat_secret_circle,
          minmay_shop_grid_forest

Skill      XL: |  1 |
---------------+----+-----
Armour         | 1 |  1.5
Dodging        | 2 |  2.5
Evocations     | 1 |  1.8
Fighting       | |  3.6
Polearms       | |  1.7
Stealth        | |  4.5

Action                   |  1- 3 |  4- 6 || total
-------------------------+-------+-------++-------
Melee: Spear             |    46 |    20 ||    66
       Punch             |     1 |       ||     1
  Use: Potion            |     1 |       ||     1
 Stab: Sleeping          |     1 |       ||     1
Armor: Leather armour    |     6 |    12 ||    18
Dodge: Dodged            |    18 |    30 ||    48

Table legend: (Time is in decaauts)
 A = Elapsed time spent in this place.
 B = Non-inter-level travel time spent in this place.
 C = Inter-level travel time spent in this place.
 D = Time resting spent in this place.
 E = Time spent auto-exploring this place.
 F = Levels seen in this place.
 G = Mean time per level.
                   A        B        C        D        E       F      G
               +--------+--------+--------+--------+--------+-----+--------+
         Total |    619 |    619 |      0 |      0 |    421 |   1 |  619.0 |
       Dungeon |    619 |    619 |      0 |      0 |    421 |   1 |  619.0 |
               +--------+--------+--------+--------+--------+-----+--------+

Top non-repeatable levels by time:
     D:5: 619 daAuts
